 Dungeon Crawl Stone Soup version 0.29.1-13-g9f3cf754e1 (webtiles) character file.

Game seed: 13605264510038282620

4784 Sanktem7 the Fighter (level 10, -13/96 HPs)
             Began as a Minotaur Fighter on Jan 25, 2023.
             Was a Follower of Okawaru.
             Mangled by an orc knight
             ... wielding a +0 broad axe
              (21 damage)
             ... in a bailey.
             The game lasted 00:18:21 (7025 turns).

Sanktem7 the Fighter (Minotaur Fighter)             Turns: 7025, Time: 00:18:21

Health: -13/96     AC: 15    Str: 28    XL:     10   Next: 24%
Magic:  9/9        EV:  8    Int:  5    God:    Okawaru [*.....]
Gold:   561        SH:  0    Dex:  5    Spells: 9/9 levels left

rFire   . . .      SeeInvis +   t - +8 quarterstaff "Sodihuf" {flame, Will+++ rCorr Str+3 Dex-5, staff}
rCold   . . .      Faith    .   (shield currently unavailable)
rNeg    . . .      Spirit   .   B - +0 chain mail
rPois   .          Reflect  .   (helmet restricted)
rElec   .          Harm     .   (no cloak)
rCorr   +          Rampage  .   s - +0 pair of gloves
Will    +++..                   y - +2 pair of boots
Stlth   ..........              o - amulet of regeneration {@e2}
HPRegen 1.06/turn               h - ring of see invisible
MPRegen 0.11/turn               (no ring)

@: no status effects
A: horns 2, retaliatory headbutt
a: Renounce Religion, Heroism


You were in a bailey.
You worshipped Okawaru.
Okawaru was aware of your devotion.
You visited 2 branches of the dungeon, and saw 10 of its levels.
You also visited: Bailey.

You collected 561 gold pieces.


Innate Abilities, Weirdness & Mutations

You have a pair of horns on your head.
You reflexively headbutt those who attack you in melee.


   Skills:
 * Level 11.4 Fighting
 - Level 5.3 Long Blades
 - Level 4.8 Axes
 * Level 7.0 Staves
 + Level 5.6 Throwing
 + Level 8.5 Armour
 - Level 3.6 Shields


You had 9 spell levels left.
You didn't know any spells.
Your spell library contained the following spells:

 Spells                   Type           Power      Damage    Failure   Level
 Freeze                   Ice            0%         1d3       94%         1
 Dazzling Flash           Conj/Hex       0%         N/A       100%        3
 Frozen Ramparts          Ice            0%         1d1       100%        3
 Portal Projectile        Hex/Tloc       0%         N/A       100%        3
 Hailstorm                Conj/Ice       0%         3d3       100%        4
 Iskenderun's Mystic Bla  Conj/Tloc      0%         2d3       100%        4
 Leda's Liquefaction      Hex/Erth       0%         N/A       100%        4
 Starburst                Conj/Fire      0%         6d3       100%        6
 Call Canine Familiar     Summ           Unusable   N/A       N/A         3

Inventory:

Hand Weapons
 n - the +6 long sword of the Foot {vorpal, Str+4, long}
   (You found it on level 2 of the Dungeon)

   It inflicts extra damage upon your enemies.
   Str:       It affects your strength (+4).
 t - the +8 quarterstaff "Sodihuf" (weapon) {flame, Will+++ rCorr Str+3 Dex-5, staff}
   (You found it on level 5 of the Dungeon)

   It burns those it strikes, dealing additional fire damage.
   Str:       It affects your strength (+3).
   Dex:       It affects your dexterity (-5).
   rCorr:     It protects you from acid and corrosion.
   Will:      It greatly increases your willpower.
Missiles
 a - 45 stones (quivered) {throwing}
 b - 11 boomerangs {throwing}
Armour
 c - a +0 buckler
 s - a +0 pair of gloves (worn)
   (You found it on level 2 of the Dungeon)
 y - a +2 pair of boots (worn)
   (You found it on level 3 of the Dungeon)
 B - a +0 chain mail (worn)
   (You found it on level 3 of the Dungeon)
 L - a +0 cloak
   (You found it on level 9 of the Dungeon)
Jewellery
 h - a ring of see invisible (left hand)
   (You found it on level 1 of the Dungeon)
 l - a +4 ring of evasion
   (You found it on level 5 of the Dungeon)
 o - an amulet of regeneration (around neck) {@e2}
   (You found it on level 2 of the Dungeon)
 K - a ring of protection from fire
   (You took it off a centaur on level 8 of the Dungeon)
Wands
 H - a wand of polymorph (4)
   (You found it on level 8 of the Dungeon)
 I - a wand of flame (24)
   (You found it on level 8 of the Dungeon)
Scrolls
 g - 2 scrolls of vulnerability {!r!r}
 j - 4 scrolls of blinking {unknown}
 k - 3 scrolls of enchant weapon
 m - 2 scrolls of fear
 p - 6 scrolls of identify {@r1}
 q - a scroll of summoning {unknown}
 u - a scroll of enchant armour
 w - a scroll of butterflies
 x - 9 scrolls of teleportation {@r4}
 C - a scroll of brand weapon
 G - a scroll of immolation {!r!r}
Potions
 d - 2 potions of might
 e - 3 potions of curing {@q1}
 f - 2 potions of cancellation {unknown}
 i - 3 potions of haste {@q3}
 r - 2 potions of degeneration {!q@e2}
 v - a potion of heal wounds {@q2}
 z - 2 potions of flight {unknown}
 D - 2 potions of attraction {unknown}
 E - a potion of invisibility {unknown}
 F - a potion of brilliance {unknown}
 J - a potion of lignification {unknown}

Dungeon Overview and Level Annotations

Branches:
Dungeon (9/15) Zot: 26749  Temple (1/1) D:7 Zot: 5969    Lair (0/5) D:8
 Bailey (1/1) Zot: 5901
    Orc: D:9-12

Altars:
Ashenzari
Elyvilon
Fedhas
Hepliaklqana
Kikubaaqudgha
Makhleb
Nemelex Xobeh
Okawaru
Qazlal
Ru
Sif Muna
Wu Jian
Xom

Shops:
D:3 (

Annotations:
D:3 2 transporters
D:6 2 transporters, Smersh616's ghost, weakling OpDe

#.. ..... ..###)....
~K#. ####+####KK#((.K.≈≈
≈≈## #.......####)≈≈~≈≈≈
≈≈≈≈∩#...[ogo#∩≈≈≈≈≈≈~..
≈≈≈≈#########≈≈≈≈≈.....
#≈≈≈≈≈≈≈≈≈≈≈≈≈.)......
#.≈≈≈≈≈≈≈≈..@o....#
#.............####
##..∩......####
##.......### ##.....####
##...#### ###...##
##.....## #.......##


You could see an orc knight and 3 kobolds.


Message History

The kobold shouts!
The stone {throwing} hits the orc knight but does no damage.
You hear a shout!
Throw: 59 stones {throwing}
Press: ? - help, Q - select action, (/) - cycle Shift-Dir - straight line, f/p - orc knight
Aim: an orc knight, wielding a +0 broad axe and wearing a +0 ring mail (moderately wounded, 53% to hit)
You throw a stone {throwing}.
The stone {throwing} completely misses the orc knight.
The orc knight hits you with a +0 broad axe!
Throw: 58 stones {throwing}
Press: ? - help, Q - select action, (/) - cycle Shift-Dir - straight line, f/p - orc knight
Aim: an orc knight, wielding a +0 broad axe and wearing a +0 ring mail (moderately wounded, 53% to hit)
You throw a stone {throwing}.
The stone {throwing} hits the orc knight but does no damage.
The orc knight hits you with a +0 broad axe!
Throw: 57 stones {throwing}
Press: ? - help, Q - select action, (/) - cycle Shift-Dir - straight line, f/p - orc knight
Aim: an orc knight, wielding a +0 broad axe and wearing a +0 ring mail (moderately wounded, 53% to hit)
You throw a stone {throwing}.
The stone {throwing} closely misses the orc knight.
The orc knight hits you but does no damage.
The gnoll hits you but does no damage.
Throw: 56 stones {throwing}
Press: ? - help, Q - select action, (/) - cycle Shift-Dir - straight line, f/p - orc knight
Aim: an orc knight, wielding a +0 broad axe and wearing a +0 ring mail (moderately wounded, 53% to hit)
You throw a stone {throwing}.
The stone {throwing} hits the orc knight but does no damage.
The orc knight hits you with a +0 broad axe!
Throw: 55 stones {throwing}
Press: ? - help, Q - select action, (/) - cycle Shift-Dir - straight line, f/p - orc knight
Aim: an orc knight, wielding a +0 broad axe and wearing a +0 ring mail (moderately wounded, 53% to hit)
You throw a stone {throwing}.
The stone {throwing} closely misses the orc knight.
The gnoll hits you with a +4 hand axe.
The orc knight hits you with a +0 broad axe!!
* * * LOW HITPOINT WARNING * * *
Throw: 54 stones {throwing}
Press: ? - help, Q - select action, (/) - cycle Shift-Dir - straight line, f/p - orc knight
Aim: an orc knight, wielding a +0 broad axe and wearing a +0 ring mail (moderately wounded, 53% to hit)
You throw a stone {throwing}.
The stone {throwing} barely misses the orc knight.
The gnoll barely misses you.
Throw: 53 stones {throwing}
Press: ? - help, Q - select action, (/) - cycle Shift-Dir - straight line, f/p - orc knight
Aim: an orc knight, wielding a +0 broad axe and wearing a +0 ring mail (moderately wounded, 53% to hit)
You throw a stone {throwing}.
The stone {throwing} hits the orc knight but does no damage.
The orc knight hits you with a +0 broad axe!!
* * * LOW HITPOINT WARNING * * *
The gnoll barely misses you.
Throw: 52 stones {throwing}
Press: ? - help, Q - select action, (/) - cycle Shift-Dir - straight line, f/p - orc knight
Aim: an orc knight, wielding a +0 broad axe and wearing a +0 ring mail (moderately wounded, 53% to hit)
You throw a stone {throwing}.
The stone {throwing} closely misses the orc knight.
The orc knight hits you with a +0 broad axe.
* * * LOW HITPOINT WARNING * * *
The gnoll completely misses you. You furiously retaliate!
You headbutt the gnoll.
You kill the gnoll!
Okawaru accepts your kill.
Throw: 51 stones {throwing}
Press: ? - help, Q - select action, (/) - cycle Shift-Dir - straight line, f/p - orc knight
Aim: an orc knight, wielding a +0 broad axe and wearing a +0 ring mail (moderately wounded, 53% to hit)
You throw a stone {throwing}.
The stone {throwing} hits the orc knight but does no damage.
The orc knight hits you with a +0 broad axe!!
* * * LOW HITPOINT WARNING * * *
Throw: 50 stones {throwing}
Press: ? - help, Q - select action, (/) - cycle Shift-Dir - straight line, f/p - orc knight
Aim: an orc knight, wielding a +0 broad axe and wearing a +0 ring mail (moderately wounded, 53% to hit)
You throw a stone {throwing}.
The stone {throwing} completely misses the orc knight.
The orc knight closely misses you.
Throw: 49 stones {throwing}
Press: ? - help, Q - select action, (/) - cycle Shift-Dir - straight line, f/p - orc knight
Aim: an orc knight, wielding a +0 broad axe and wearing a +0 ring mail (moderately wounded, 53% to hit)
You throw a stone {throwing}.
The stone {throwing} barely misses the orc knight.
A kobold comes into view.
The orc knight hits you with a +0 broad axe.
* * * LOW HITPOINT WARNING * * *
Throw: 48 stones {throwing}
Press: ? - help, Q - select action, (/) - cycle Shift-Dir - straight line, f/p - orc knight
Aim: an orc knight, wielding a +0 broad axe and wearing a +0 ring mail (moderately wounded, 53% to hit)
You throw a stone {throwing}.
The stone {throwing} hits the orc knight.
Throw: 47 stones {throwing}
Press: ? - help, Q - select action, (/) - cycle Shift-Dir - straight line, f/p - orc knight
Aim: an orc knight, wielding a +0 broad axe and wearing a +0 ring mail (moderately wounded, 53% to hit)
You throw a stone {throwing}.
The stone {throwing} hits the orc knight.
The orc knight hits you but does no damage.
Throw: 46 stones {throwing}
Press: ? - help, Q - select action, (/) - cycle Shift-Dir - straight line, f/p - orc knight
Aim: an orc knight, wielding a +0 broad axe and wearing a +0 ring mail (heavily wounded, 53% to hit)
You throw a stone {throwing}.
The stone {throwing} completely misses the orc knight.
The orc knight hits you with a +0 broad axe!!
You die...

Skill      XL: |  1  2  3  4  5  6  7  8  9 10 |
---------------+-------------------------------+-----
Fighting       | 4 5 6 7 9 11 | 11.4
Axes           | 3 4 |  4.8
Armour         | 4 5 7 8 |  8.5
Long Blades    | 1 2 3 5 |  5.3
Throwing       | 1 2 4 5 |  5.6
Staves         | 3 6 7 |  7.0
Shields        | |  3.6

Action                   |  1- 3 |  4- 6 |  7- 9 | 10-12 || total
-------------------------+-------+-------+-------+-------++-------
Melee: War axe           |    60 |       |       |       ||    60
       Headbutt          |     4 |     9 |    21 |     9 ||    43
       Long sword        |    14 |    93 |    48 |       ||   155
       Quarterstaff      |       |       |   145 |    50 ||   195
Throw: Stone             |       |       |       |    47 ||    47
       Dart              |       |       |       |    16 ||    16
  Use: Scroll            |       |    13 |     1 |       ||    14
       Potion            |       |     1 |     1 |       ||     2
Armor: Scale mail        |    39 |    13 |       |       ||    52
       Chain mail        |       |    68 |   118 |    27 ||   213
Dodge: Dodged            |    24 |    60 |    62 |    26 ||   172
Block: Buckler           |    14 |    30 |    11 |       ||    55

Levels and vault maps discovered:
D:1:      shiori_arrival_whats_in_store_for_you, layout_loops_ring,
          shapermc_ecumenical_altar_mp_ritualfount
D:2:      layout_rooms, basic_altar, minmay_misc_feat_cross, minmay_pentomino_s2
D:3:      gammafunk_steamed_eel, layout_loops_corners, serial_shops,
          nicolae_shop_window_shopping, uniq_sigmund
D:4:      layout_gridville, fedhas_altar_2, uniq_robin
D:5:      layout_basic, chequers_temple_overflow_minitemple,
          gammafunk_ghost_cemetery, minmay_misc_feat_roman, minmay_starry_boxes
D:6:      layout_basic, gammafunk_ghost_arena, hex_tiny
D:7:      layout_loops_ring, mainiacjoe_overflow_chevrons, doesnt_xom_only_xom,
          minmay_temple_entry_proselytizer, serial_bayou_ford_a,
          minmay_lizard_king, uniq_menkaure
D:8:      layout_cave_pools, grunt_lair_entry_orc_guard_hut
D:9:      layout_loops_ring, nicolae_qazlal_style_of_elements, enter_bailey_5,
          serial_bayou_pond_d, hangedman_tell_no_tales
Temple:   nicolae_temple_superstar
Bailey:   bailey_axe_4, bailey

Notes
Turn   | Place    | Note
-------+----------+-------------------------------------------
     0 | D:1      | Sanktem7 the Minotaur Fighter began the quest for the Orb.
     0 | D:1      | Reached XP level 1. HP: 19/19 MP: 0/0
     0 | D:1      | Noticed an orb of fire
     0 | D:1      | Noticed a large abomination
     0 | D:1      | magus.rc [v1.9.6]
     1 | D:1      | Noticed an iron dragon
     3 | D:1      | Noticed a shadow dragon
     3 | D:1      | Noticed an iron dragon
     8 | D:1      | Noticed a shadow dragon
     9 | D:1      | Noticed an ice dragon
    12 | D:1      | Noticed a shadow dragon
    16 | D:1      | Noticed a tentacled monstrosity
    16 | D:1      | Noticed a large abomination
    16 | D:1      | Noticed a tentacled monstrosity
    18 | D:1      | Noticed an ice dragon
    18 | D:1      | Noticed an iron dragon
    20 | D:1      | Noticed an ice dragon
    20 | D:1      | Noticed a black draconian
   206 | D:1      | You pick up a book of Spectacle and begin reading...
   206 | D:1      | You add the spells Dazzling Flash, Iskenderun's Mystic
                  | Blast and Starburst to your library.
   289 | D:1      | Reached XP level 2. HP: 27/27 MP: 1/1
   376 | D:1      | Found a faded altar of an unknown god.
   435 | D:1      | Reached skill level 4 in Fighting
   768 | D:2      | Found a shimmering altar of Xom.
   769 | D:2      | Identified the +6 long sword of the Foot {vorpal, Str+4}
   805 | D:2      | Reached skill level 3 in Axes
  1000 | D:2      | Reached skill level 4 in Armour
  1000 | D:2      | Reached XP level 3. HP: 25/33 MP: 2/2
  1470 | D:3      | Noticed Sigmund
  1489 | D:3      | Killed Sigmund
  1490 | D:3      | Reached skill level 5 in Fighting
  1490 | D:3      | Reached skill level 1 in Long Blades
  1490 | D:3      | Reached skill level 4 in Axes
  1490 | D:3      | Reached XP level 4. HP: 24/42 MP: 3/3
  1490 | D:3      | Reached XP level 5. HP: 27/48 MP: 4/4
  1538 | D:3      | Found a transporter.
  1581 | D:3      | Found a transporter.
  1791 | D:3      | Reached skill level 2 in Long Blades
  2105 | D:3      | Found Tichapab's Weapon Boutique.
  2410 | D:4      | Noticed Robin
  2417 | D:4      | Reached XP level 6. HP: 52/56 MP: 5/5
  2424 | D:4      | Killed Robin
  2655 | D:4      | Reached skill level 6 in Fighting
  2655 | D:4      | Reached skill level 3 in Long Blades
  2655 | D:4      | Reached skill level 1 in Throwing
  2655 | D:4      | Reached skill level 5 in Armour
  2677 | D:4      | You pick up a book of Frost and begin reading...
  2677 | D:4      | You add the spells Freeze, Frozen Ramparts and Hailstorm to
                  | your library.
  2868 | D:4      | Found a blossoming altar of Fedhas.
  3184 | D:5      | Entered Level 5 of the Dungeon
  3189 | D:5      | Noticed a water moccasin
  3198 | D:5      | HP: 12/57 [water moccasin (7)]
  3203 | D:5      | HP: 14/57 [poisoned by a water moccasin]
  3208 | D:5      | Killed a water moccasin
  3209 | D:5      | Reached XP level 7. HP: 21/64 MP: 6/6
  3290 | D:5      | Reached skill level 4 in Long Blades
  3359 | D:5      | Reached skill level 7 in Fighting
  3359 | D:5      | Reached skill level 2 in Throwing
  3424 | D:5      | Reached skill level 5 in Long Blades
  3566 | D:5      | Reached XP level 8. HP: 73/73 MP: 7/7
  3768 | D:5      | Found a sacrificial altar of Ru.
  3768 | D:5      | Found a faded altar of an unknown god.
  3776 | D:5      | Found a white marble altar of Elyvilon.
  3778 | D:5      | Found a faded altar of an unknown god.
  3783 | D:5      | Reached skill level 6 in Armour
  3783 | D:5      | Found a broken altar of Ashenzari.
  3977 | D:5      | Identified the +8 quarterstaff "Sodihuf" {flame, Will+++
                  | rCorr Str+3 Dex-5}
  4159 | D:5      | Found a runed translucent gate.
  4159 | D:5      | Found a runed translucent gate.
  4159 | D:5      | Found a runed translucent gate.
  4161 | D:5      | Noticed KittyFluff's ghost (novice GrBe)
  4161 | D:5      | Noticed kingofthe's ghost (amateur DECj)
  4327 | D:5      | Killed kingofthe's ghost
  4328 | D:5      | Reached skill level 8 in Fighting
  4328 | D:5      | Reached skill level 1 in Staves
  4328 | D:5      | Reached skill level 3 in Throwing
  4332 | D:5      | Killed KittyFluff's ghost
  4333 | D:5      | Reached skill level 2 in Staves
  4614 | D:6      | Reached skill level 9 in Fighting
  4614 | D:6      | Reached skill level 3 in Staves
  4709 | D:6      | Reached skill level 4 in Throwing
  4709 | D:6      | Reached skill level 7 in Armour
  4709 | D:6      | Reached XP level 9. HP: 79/83 MP: 8/8
  4738 | D:6      | Noticed a cyclops
  4740 | D:6      | Noticed a komodo dragon
  4741 | D:6      | Noticed Smersh616's ghost (weakling OpDe)
  4746 | D:6      | Found a transporter.
  4764 | D:6      | Found a transporter.
  4885 | D:6      | Reached skill level 4 in Staves
  5187 | D:7      | Reached skill level 10 in Fighting
  5273 | D:7      | Found an ancient bone altar of Kikubaaqudgha.
  5304 | D:7      | HP: 20/85 [kobold brigand/+1 whip of flaming (4)]
  5506 | D:7      | Reached skill level 5 in Staves
  5531 | D:7      | Noticed Menkaure
  5538 | D:7      | Killed Menkaure
  5785 | D:7      | Noticed a komodo dragon
  5794 | D:7      | Killed a komodo dragon
  5795 | D:7      | Reached skill level 5 in Throwing
  5795 | D:7      | Reached skill level 8 in Armour
  5862 | D:7      | Found a shimmering altar of Xom.
  5864 | D:7      | Found an ornate altar of the Wu Jian Council.
  5864 | D:7      | Found an ancient bone altar of Kikubaaqudgha.
  5866 | D:7      | Found a hazy altar of Hepliaklqana.
  5866 | D:7      | Found a broken altar of Ashenzari.
  5866 | D:7      | Found a shimmering blue altar of Sif Muna.
  5973 | D:7      | Found a staircase to the Ecumenical Temple.
  5977 | D:7      | Reached skill level 6 in Staves
  6086 | Temple   | Entered the Ecumenical Temple
  6100 | Temple   | Became a worshipper of Warmaster Okawaru
  6170 | D:8      | Reached skill level 11 in Fighting
  6179 | D:8      | Reached XP level 10. HP: 53/95 MP: 9/9
  6181 | D:8      | Reached * piety under Okawaru
  6613 | D:8      | Found a staircase to the Lair.
  6690 | D:9      | Reached skill level 7 in Staves
  6728 | D:9      | You pick up a book of the Hunter and begin reading...
  6728 | D:9      | You add the spells Portal Projectile and Leda's
                  | Liquefaction to your library.
  6769 | D:9      | Found a stormy altar of Qazlal.
  6897 | D:9      | Found a flagged portal.
  6914 | Bailey   | Entered a bailey
  6946 | Bailey   | Noticed an orc knight
  6961 | Bailey   | Identified the +11 quarterstaff of Uskayaw, Hurtling
                  | {freeze, Drain rPois rF++ rC+}
  7019 | Bailey   | HP: 24/96 [orc knight/+0 broad axe (2)]
  7020 | Bailey   | HP: 7/96 [orc knight/+0 broad axe (18)]
  7025 | Bailey   | Mangled by an orc knight

Vanquished Creatures
  A komodo dragon (D:7)
  The ghost of KittyFluff the Covered, a novice GrBe of Trog (D:5)
  Sigmund (D:3)
  The ghost of kingofthe the Conjurer, an amateur DECj (D:5)
  A wyvern (D:6)
  2 shadows
  A steam dragon (D:8)
  A yak (D:8)
  Menkaure (D:7)
  3 water moccasins
  2 orc warriors
  3 sky beasts
  An ice beast (D:5)
  2 black bears
  2 ogres (D:5)
  2 centaurs (D:8)
  A phantom (D:4)
  A kobold brigand (D:7)
  4 bullfrogs
  A scorpion (D:6)
  4 wights (D:6)
  2 electric eels (D:7)
  A jelly (D:7)
  9 orc priests
  5 hounds (D:5)
  4 iguanas
  7 orc wizards
  Robin (D:4)
  A gnoll (Bailey)
  7 adders
  A shadow imp (D:8)
  3 white imps
  4 ufetubi
  A worm (D:2)
  2 dart slugs
  37 orcs
  6 bats
  4 endoplasms
  4 giant cockroaches
  19 goblins
  13 hobgoblins
  2 jackals (D:5)
  3 quokkas
  3 ball pythons
  7 frilled lizards
  13 kobolds
  A rat (D:2)
196 creatures vanquished.

Vanquished Creatures (others)
  A kobold (D:7)
  3 fungi (D:8)
  22 plants
  5 withered plants (D:5)
31 creatures vanquished.

Grand Total: 227 creatures vanquished

Table legend:
 A = Non-vault XP
 B = Vault XP
 C = Vault XP percentage of total XP
 D = Non-vault monster count
 E = Vault monster count
 F = Vault count percentage of total count
                 A         B        C        D         E       F
            +---------+---------+-------+---------+---------+-------
      Total |    4581 |    2254 |  33.0 |     147 |      49 |  25.0
            +---------+---------+-------+---------+---------+-------
        D:1 |      15 |       0 |   0.0 |       9 |       0 |   0.0
        D:2 |      44 |       3 |   6.4 |      16 |       2 |  11.1
        D:3 |      90 |     223 |  71.2 |      21 |       1 |   4.5
        D:4 |     233 |      35 |  13.1 |      19 |      11 |  36.7
        D:5 |     969 |     645 |  40.0 |      20 |       7 |  25.9
        D:6 |    1230 |       0 |   0.0 |      17 |       0 |   0.0
        D:7 |     885 |     693 |  43.9 |      33 |      11 |  25.0
        D:8 |     860 |     622 |  42.0 |       8 |       5 |  38.5
        D:9 |     255 |       8 |   3.0 |       4 |       4 |  50.0
     Bailey |       0 |      25 | 100.0 |       0 |       8 | 100.0
            +---------+---------+-------+---------+---------+-------

Illustrated notes

Table legend:
 A = Kills in this place as a percentage of kills in entire the game.
 B = Kills by you in this place as a percentage of kills by you in the entire game.
 C = Kills by friends in this place as a percentage of kills by friends in the entire game.
 D = Other kills in this place as a percentage of other kills in the entire game.
 E = Experience gained in this place as a percentage of experience gained in the entire game.
 F = Experience gained in this place divided by the number of levels of this place that you have seen.
                   A       B       C       D       E      F
               +-------+-------+-------+-------+-------+----------------------
         Total | 100.0 | 100.0 |   N/A |   N/A | 100.0 | 621.4
       Dungeon |  95.9 |  95.9 |   N/A |   N/A |  99.6 | 756.7
        Bailey |   4.1 |   4.1 |   N/A |   N/A |   0.4 |  25.0
               +-------+-------+-------+-------+-------+----------------------

Table legend: (Time is in decaauts)
 A = Elapsed time spent in this place.
 B = Non-inter-level travel time spent in this place.
 C = Inter-level travel time spent in this place.
 D = Time resting spent in this place.
 E = Time spent auto-exploring this place.
 F = Levels seen in this place.
 G = Mean time per level.
                   A        B        C        D        E       F      G
               +--------+--------+--------+--------+--------+-----+--------+
         Total |   7103 |   6924 |    179 |     97 |   5436 |  11 |  645.7 |
       Dungeon |   6975 |   6796 |    179 |     97 |   5420 |   9 |  775.0 |
        Temple |     30 |     30 |      0 |      0 |      9 |   1 |   30.0 |
        Bailey |     98 |     98 |      0 |      0 |      7 |   1 |   98.0 |
               +--------+--------+--------+--------+--------+-----+--------+

Top non-repeatable levels by time:
     D:5: 1239 daAuts
     D:3: 956 daAuts
     D:7: 954 daAuts
     D:4: 790 daAuts
     D:1: 776 daAuts
     D:6: 758 daAuts
     D:2: 715 daAuts
     D:8: 534 daAuts
     D:9: 250 daAuts
  Bailey: 98 daAuts
  Temple: 30 daAuts
